 Dungeon Crawl Stone Soup version 0.21-a0-584-g185da8e (webtiles) character file.

82 M4edhros the Insei (level 4, 0/28 HPs)
             Began as an Octopode Artificer on Dec 20, 2017.
             Was an Initiate of Cheibriados.
             Succumbed to an adder's poison
             ... on level 3 of the Dungeon on Dec 21, 2017.
             The game lasted 00:04:38 (528 turns).

M4edhros the Insei (Octopode Artificer)              Turns: 528, Time: 00:04:39

Health: 0/28       AC:  1    Str: 11 (12) XL:     4   Next: 43%
Magic:  6/6        EV: 11    Int: 14      God:    Cheibriados [......]
Gold:   34         SH:  0    Dex: 11 (14) Spells: 3/3 levels left

rFire    . . .     SeeInvis .   a - +0 short sword
rCold    . . .     Gourm    .   (no shield)
rNeg     . . .     Faith    .   (helmet restricted)
rPois    .         Spirit   .   (no amulet)
rElec    .         Reflect  .   h - -2 ring of evasion (curse)
rCorr    .         Harm     .   (no ring)
MR       .....                  (no ring)
Stlth    +++.......             (no ring)
HPRegen  0.09/turn              (no ring)
MPRegen  0.10/turn              (no ring)
                                (no ring)
                                (no ring)

@: lethally poisoned (0 -> -5), very slow
A: almost no armour, stealthy swim, amphibious, 8 rings, constrict 8, camouflage
1, gelatinous body 1
a: Bend Time, Renounce Religion


You were on level 3 of the Dungeon.
You worshipped Cheibriados.
Cheibriados was noncommittal.
You were not hungry.

You visited 2 branches of the dungeon, and saw 5 of its levels.

You collected 34 gold pieces.

Inventory:

Hand Weapons
 a - a +0 short sword (weapon)
 j - a +0 hunting sling
 l - a +3 dagger
Missiles
 k - 12 stones (quivered)
Jewellery
 h - a cursed -2 ring of evasion (left tentacle)
Wands
 b - a wand of flame (8)
 c - a wand of enslavement (12)
Scrolls
 e - a scroll of enchant weapon {unknown}
 g - a scroll of remove curse {unknown}
 i - 2 scrolls of identify {unknown}
 n - a scroll of enchant armour {unknown}
Comestibles
 f - 3 rations


   Skills:
 - Level 1.0 Fighting
 - Level 1.0 Short Blades
 - Level 2.0 Dodging
 - Level 1.3 Stealth
 + Level 3.9 Unarmed Combat
 - Level 3.2 Evocations


You had 3 spell levels left.
You didn't know any spells.

Dungeon Overview and Level Annotations

Branches:
Dungeon (4/15)             Temple (1/1) D:4

Altars:
Ashenzari
Cheibriados
Sif Muna
Uskayaw
Vehumet
Wu Jian


Innate Abilities, Weirdness & Mutations

You cannot wear most types of armour.
You are very stealthy in the water. (Stealth+)
You are amphibious.
You can wear up to eight rings at the same time.
You can use your tentacles to constrict eight enemies at once.
Your skin changes colour to match your surroundings (Stealth+).
Your rubbery body absorbs attacks. (AC +1, EV +1)


Message History

* * * LOW HITPOINT WARNING * * *
You feel sick.
You aren't carrying any potions.
* * * LOW HITPOINT WARNING * * *
You feel sick.
* * * LOW HITPOINT WARNING * * *
You feel sick.
* * * LOW HITPOINT WARNING * * *
You feel sick.
* * * LOW HITPOINT WARNING * * *
You feel sick.
* * * LOW HITPOINT WARNING * * *
You feel sick.
* * * LOW HITPOINT WARNING * * *
You feel sick.
* * * LOW HITPOINT WARNING * * *
You feel sick.
There is a stone staircase leading up here.
You climb upwards.
You die...

###########
#.@.......#
#.........#
#.........#
#.........#
#.........#
#.........#
#......<..#
##...).....#
#..........#


There were no monsters in sight!

Vanquished Creatures
  A hound (D:4)
  A worker ant (D:4)
  2 oozes
  2 dart slugs
  2 giant cockroaches
  2 goblins
  A hobgoblin (D:3)
  2 jackals (D:3)
  A kobold (D:3)
  A quokka (D:2)
  A frilled lizard (D:1)
  3 rats
19 creatures vanquished.

Notes
Turn   | Place    | Note
-------+----------+-------------------------------------------
     0 | D:1      | M4edhros the Octopode Artificer began the quest for the Orb.
     0 | D:1      | Reached XP level 1. HP: 13/13 MP: 3/3
   130 | D:1      | Reached skill level 1 in Unarmed Combat
   171 | D:2      | Reached XP level 2. HP: 18/18 MP: 4/4
   304 | D:3      | Reached XP level 3. HP: 12/23 MP: 5/5
   437 | D:4      | Found a staircase to the Ecumenical Temple.
   446 | Temple   | Entered the Ecumenical Temple
   455 | Temple   | Became a worshipper of Cheibriados the Contemplative
   489 | D:4      | Reached XP level 4. HP: 19/28 MP: 6/6
   524 | D:4      | HP: 1/28 [poisoned by an adder]
   528 | D:3      | Succumbed to an adder's poison

Vault maps used:
D:1:      dpeg_arrival_tiny_f, tso_altar
D:3:      kennysheep_vampire_church, uniq_crazy_yiuf_cottage
D:4:      minmay_temple_entry_purple_smoke, first_ration
Temple:   dshaligram_water_room_temple

Skill      XL: |  1  2  3 |
---------------+----------+-----
Unarmed Combat | 1 2 3 |  3.9
Fighting       | |  1.0
Short Blades   | |  1.0
Dodging        | |  2.0
Stealth        | |  1.3
Evocations     | |  3.2

Action                   |  1- 3 |  4- 6 || total
-------------------------+-------+-------++-------
Melee: Short sword       |    35 |     5 ||    40
       Constrict         |     9 |       ||     9
       Tentacles         |     8 |       ||     8
Evoke: Wand              |    10 |     2 ||    12
  Use: Potion            |     2 |       ||     2
 Stab: Sleeping          |     5 |     1 ||     6
Armor: Skin              |     1 |       ||     1
Dodge: Dodged            |    14 |     4 ||    18

Table legend:
 A = Spawn XP
 B = Non-spawn XP
 C = Spawn XP percentage of total XP
 D = Spawn monster count
 E = Non-spawn monster count
 F = Spawn count percentage of total count
 G = Total turns spent on level
                    A         B        C        D         E        F      G
               +---------+---------+-------+---------+---------+-------+---------
         Total |       0 |     118 |   0.0 |       0 |      19 |   0.0 |   528
               +---------+---------+-------+---------+---------+-------+---------
           D:1 |       0 |       8 |   0.0 |       0 |       4 |   0.0 |   158
           D:2 |       0 |      11 |   0.0 |       0 |       4 |   0.0 |    57
           D:3 |       0 |      22 |   0.0 |       0 |       8 |   0.0 |   145
           D:4 |       0 |      77 |   0.0 |       0 |       3 |   0.0 |   149
               +---------+---------+-------+---------+---------+-------+---------
